 Dungeon Crawl Stone Soup version 0.28.0-45-g0d030f2227 (webtiles) character file.

Game seed: 17575863191114571470

649 NinjaNoafa the Firebug (level 7, -6/57 HPs)
             Began as a Black Draconian Fire Elementalist on Apr 15, 2022.
             Was an Initiate of Sif Muna.
             Killed themself with a bounced orb of electricity (8 damage)
             ... on level 4 of the Dungeon.
             The game lasted 00:13:09 (5504 turns).

NinjaNoafa the Firebug (DrFE)                       Turns: 5504, Time: 00:13:12

Health: -6/57      AC:  6    Str: 10    XL:     7   Next: 28%
Magic:  1/12       EV: 12    Int: 17    God:    Sif Muna [......]
Gold:   132        SH:  0    Dex: 12    Spells: 9/12 levels left

rFire   . . .      SeeInvis .   g - +2 dagger (flame)
rCold   . . .      Faith    .   (no shield)
rNeg    . . .      Spirit   .   (armour unavailable)
rPois   .          Reflect  .   (helmet restricted)
rElec   +          Harm     .   (no cloak)
rCorr   .          Rampage  .   (no gloves)
Will    .....                   (no boots)
Stlth   ++........              (no amulet)
HPRegen 0.19/turn               (no ring)
MPRegen 0.13/turn               (no ring)

@: no status effects
A: breathe lightning, AC +6, unfitting armour, electricity resistance,
cold-blooded
a: Breathe Lightning, Renounce Religion


You were on level 4 of the Dungeon.
You worshipped Sif Muna.
Sif Muna was noncommittal.
You visited 2 branches of the dungeon, and saw 5 of its levels.

You collected 132 gold pieces.

Inventory:

Hand Weapons
 a - a +0 spear
 d - a +1 scythe of protection
 g - a +2 dagger of flaming (weapon)
 j - a +2 war axe of draining
 k - a +0 long sword
 l - a +1 hand axe of freezing
 o - a +2 dagger of draining
Missiles
 b - 125 stones
 c - 6 poisoned darts
 f - 5 curare-tipped darts (quivered)
 i - 6 boomerangs of dispersal
Armour
 h - a +0 buckler
Wands
 m - a wand of polymorph (8)
 p - a wand of paralysis (6)
Potions
 n - a potion of lignification


   Skills:
 * Level 3.0 Fighting
 * Level 3.2 Dodging
 - Level 1.7 Stealth
 + Level 3.3 Spellcasting
 + Level 3.8 Conjurations
 + Level 0.5 Hexes
 + Level 4.8 Fire Magic
 * Level 0.0 Invocations
 * Level 1.6 Evocations


You had 9 spell levels left.
You knew the following spells:

 Your Spells              Type           Power      Damage    Failure   Level
a - Foxfire               Conj/Fire      68%        2x1d7     2%          1
b - Scorch                Fire           38%        2d7       3%          2

Your spell library contained the following spells:

 Spells                   Type           Power      Damage    Failure   Level
 Conjure Flame            Conj/Fire      17%        6-21      9%          3
 Inner Flame              Hex/Fire       12%        N/A       17%         3
 Flame Wave               Conj/Fire      17%        2d6       28%         4


Dungeon Overview and Level Annotations

Branches:
Dungeon (4/15)             Temple (1/1) D:4

Altars:
Ashenzari
Cheibriados
Elyvilon
Hepliaklqana
Makhleb
Nemelex Xobeh
Okawaru
Sif Muna
Uskayaw
Vehumet
Wu Jian
Xom
Zin

Shops:
D:3 *   D:4 *

Annotations:
D:3 1 transporter
D:4 3 runed translucent doors, Pikel; Soldner's ghost, novice HOFi


Innate Abilities, Weirdness & Mutations

You can breathe wild blasts of lightning.
Your glossy black scales are hard. (AC +6)
You cannot fit into any form of body armour.
You are resistant to electric shocks. (rElec)
You are cold-blooded and may be slowed by cold attacks.


Message History

You hit Pikel but do no damage.
Pikel is moderately wounded.
The lemure hits you!
* * * LOW HITPOINT WARNING * * *
Pikel completely misses you.
Okay, then.
You hit Pikel. You burn Pikel.
Pikel is heavily wounded.
The lemure hits you but does no damage. Pikel hits you but does no damage.
You hit Pikel but do no damage.
Pikel is heavily wounded.
The lemure barely misses you. Pikel hits you but does no damage.
You hit Pikel. You burn Pikel.
Pikel is heavily wounded.
The lemure is no longer more vulnerable to fire.
The lemure hits you.
* * * LOW HITPOINT WARNING * * *
Pikel hits you but does no damage.
You closely miss Pikel.
Pikel is heavily wounded.
You feel less wooden. The lemure closely misses you.
Pikel hits you with a +1 whip of freezing.
* * * LOW HITPOINT WARNING * * *
Pikel freezes you.
* * * LOW HITPOINT WARNING * * *
You see here a giant cockroach corpse.
Activating: Breathe Lightning (5% risk of failure)
Press: ? - help, Dir - look around, f - activate Look: Pikel, wielding a +1 whip of freezing and wearing a +0 robe (heavily wounded)
You breathe a wild blast of lightning!
You hear a mighty clap of thunder!
The orb of electricity explodes!
The orb of electricity engulfs the lemure!!
You kill the lemure!
That felt strangely unrewarding.
The orb of electricity engulfs the lemure.
The lemure is moderately wounded.
The orb of electricity engulfs you! You resist.
You die...

#.# #. ### #. ♣♣* ####. ♣♣∩♣*
****#.... *♣...♣* *,....... ***
***..⌠..##* #######.#....##
*,***,,.......* #............#.
,*,,,,,.....55#####...#.#......#.
*,*****,,⌠,,#K5†@....#.#.#..#..#.
*,* **,,,,#####.#.#.#.#.#.#..#.
*,* *,*∩**#####.#..#.>.#..#..#W
*,* **,*,*#.......#.#.#.#....#z
*,**********#####....#.#.#.....#g
,,,,,,,,,,* ##.#...#.#..)...##
*,*******,* #............#....
*** **'** #.###.#.######....
**,,,** #.# #.#.# ###.#


You could see Pikel and 3 lemures.

Vanquished Creatures
  Sigmund (D:2)
  A lemure (D:4)
  A scorpion (D:4)
  A gnoll sergeant (D:4)
  A centaur skeleton (D:4)
  An orc priest (D:3)
  A bullfrog skeleton (D:4)
  Natasha (thrice) (D:4)
  3 adders
  7 gnolls (D:4)
  3 worms
  12 orcs
  2 bats
  9 endoplasms
  2 giant cockroaches
  7 goblins
  7 hobgoblins
  7 jackals (D:2)
  A quokka (D:4)
  7 ball pythons
  5 frilled lizards
  5 kobolds
  8 rats
95 creatures vanquished.

Vanquished Creatures (others)
  161 foxfires
161 creatures vanquished.

Grand Total: 256 creatures vanquished

Notes
Turn   | Place    | Note
-------+----------+-------------------------------------------
     0 | D:1      | NinjaNoafa the Draconian Fire Elementalist began the quest
                  | for the Orb.
     0 | D:1      | Reached XP level 1. HP: 14/14 MP: 3/3
   337 | D:1      | Reached XP level 2. HP: 22/22 MP: 0/5
   431 | D:1      | Found a faded altar of an unknown god.
   990 | D:2      | Reached skill level 1 in Fighting
  1281 | D:2      | Reached XP level 3. HP: 28/28 MP: 0/6
  1338 | D:2      | Learned a level 2 spell: Scorch
  1783 | D:2      | Reached XP level 4. HP: 28/35 MP: 0/7
  1892 | D:2      | Noticed Sigmund
  1918 | D:2      | Killed Sigmund
  1919 | D:2      | Reached skill level 4 in Fire Magic
  1919 | D:2      | Reached XP level 5. HP: 19/41 MP: 1/9
  2474 | D:3      | Found Mucs's General Store.
  2688 | D:3      | Found a transporter.
  2706 | D:3      | Found a transporter.
  3048 | D:3      | Reached XP level 6. HP: 27/48 MP: 2/10
  4011 | D:4      | Noticed Natasha
  4014 | D:4      | Killed Natasha
  4034 | D:4      | Noticed Natasha
  4055 | D:4      | HP: 2/50 [centaur skeleton (3)]
  4238 | D:4      | Killed Natasha
  4431 | D:4      | Noticed Natasha
  4438 | D:4      | Killed Natasha
  4439 | D:4      | Reached skill level 1 in Evocations
  4440 | D:4      | Your scales start taking on a glossy black colour.
  4440 | D:4      | Reached XP level 7. HP: 44/56 MP: 1/11
  4440 | D:4      | Gained mutation: You are resistant to electric shocks.
                  | (rElec) [Black Draconian growth]
  5005 | D:4      | Noticed Soldner's ghost (novice HOFi)
  5015 | D:4      | Found a runed translucent gate.
  5015 | D:4      | Found a runed translucent gate.
  5025 | D:4      | Found a runed translucent gate.
  5138 | D:4      | Found a staircase to the Ecumenical Temple.
  5151 | Temple   | Entered the Ecumenical Temple
  5371 | Temple   | Became a worshipper of Sif Muna the Loreminder
  5456 | D:4      | Found Qeku's Fire Supplies.
  5464 | D:4      | Noticed Pikel
  5501 | D:4      | HP: 1/57 [Pikel/+1 whip of freezing (2)]
  5504 | D:4      | Killed themself with a bounced orb of electricity

Illustrated notes

Levels and vault maps discovered:
D:1:      eino_arrival_water_star, layout_basic,
          hellmonk_ecumenical_altar_run_dry, item_on_display_a
D:2:      layout_loops_ring, uniq_sigmund
D:3:      gammafunk_wand_slinger, layout_basic, portal_sewer_entry_d,
          serial_shops, nicolae_shop_behind_doors
D:4:      layout_loops_corners, lightli_temple_of_fire,
          minmay_temple_entry_grid, gammafunk_ghost_split,
          nicolae_shop_fire_sale [nicolae_sub_dead_trees], uniq_natasha,
          uniq_pikel
Temple:   oiseaux_autumnal_temple

Skill      XL: |  1  2  3  4  5  6  7 |
---------------+----------------------+-----
Dodging        | 2 3 |  3.2
Fighting       | 1 2 3 |  3.0
Conjurations   | 2 3 |  3.8
Fire Magic     | 4 |  4.8
Spellcasting   | 3 |  3.3
Evocations     | 1 |  1.6
Stealth        | |  1.7
Hexes          | |  0.5

Action                   |  1- 3 |  4- 6 |  7- 9 || total
-------------------------+-------+-------+-------++-------
Melee: Spear             |    25 |       |       ||    25
       Tailslap          |     4 |     4 |     3 ||    11
       Long sword        |     4 |     7 |       ||    11
       Dagger            |       |    32 |    40 ||    72
Throw: Dart              |       |     5 |       ||     5
 Cast: Foxfire           |    51 |    39 |    17 ||   107
       Scorch            |     7 |    27 |    24 ||    58
 Abil: Breathe Lightning |       |       |     1 ||     1
  Use: Potion            |     2 |     2 |     1 ||     5
       Scroll            |       |     6 |     1 ||     7
 Stab: Sleeping          |     1 |       |       ||     1
Armor: Skin              |    12 |    30 |    59 ||   101
Dodge: Dodged            |    38 |    39 |    19 ||    96
